 Dungeon Crawl Stone Soup version 0.29.1-1-gd02db6906a (webtiles) character file.

Game seed: 4655808014803652461

5 LustLizard the Trooper (level 1, 0/18 HPs)
             Began as a Demonspawn Fighter on Oct 4, 2022.
             Slain by a kobold
             ... wielding a +0 whip
              (4 damage)
             ... on level 1 of the Dungeon.
             The game lasted 00:00:29 (77 turns).

LustLizard the Trooper (Demonspawn Fighter)           Turns: 77, Time: 00:00:29

Health: 0/18       AC:  6    Str: 16    XL:     1   Next: 66%
Magic:  1/1        EV:  8    Int:  9    God:
Gold:   0          SH:  4    Dex: 12    Spells: 0/0 levels left

rFire   . . .      SeeInvis .   a - +0 long sword
rCold   . . .      Faith    .   c - +0 buckler
rNeg    . . .      Spirit   .   b - +0 scale mail
rPois   .          Reflect  .   (no helmet)
rElec   .          Harm     .   (no cloak)
rCorr   .          Rampage  .   (no gloves)
Will    .....                   (no boots)
Stlth   ..........              (no amulet)
HPRegen 0.06/turn               (no ring)
MPRegen 0.07/turn               (no ring)

@: no status effects
A: no striking features
a: no special abilities


You were on level 1 of the Dungeon.
You visited 1 branch of the dungeon, and saw 1 of its levels.

Inventory:

Hand Weapons
 a - a +0 long sword (weapon)
Armour
 b - a +0 scale mail (worn)
 c - a +0 buckler (worn)
Scrolls
 f - 3 scrolls of identify {unknown}
Potions
 d - a potion of might
 e - a potion of attraction {unknown}
 g - a potion of curing {unknown}


   Skills:
 + Level 3.0 Fighting
 * Level 2.0 Long Blades
 + Level 2.7 Armour
 + Level 2.7 Shields


You couldn't memorise any spells.
You didn't know any spells.
Your spell library was empty.

Dungeon Overview and Level Annotations

Branches:
Dungeon (1/15)

Altars:


Message History

The jackal bites you but does no damage.
You slash the jackal!
You kill the jackal!
Your Long Blades skill increases to level 2!
You hit the kobold but do no damage. The kobold hits you with a +0 whip.
You block the kobold's attack.
You barely miss the kobold. You block the kobold's attack.
You miss the kobold. The kobold barely misses you.
You hit the kobold.
The kobold is moderately wounded.
You block the kobold's attack. The kobold hits you with a +0 whip.
You hit the kobold.
The kobold is severely wounded.
The kobold completely misses you.
You barely miss the kobold.
The kobold is severely wounded.
The kobold hits you with a +0 whip.
* * * LOW HITPOINT WARNING * * *
You miss the kobold.
The kobold is severely wounded.
A jackal comes into view.
You block the kobold's attack. The kobold hits you but does no damage.
The jackal moves out of view.
You closely miss the kobold.
The kobold is severely wounded.
The kobold hits you with a +0 whip.
* * * LOW HITPOINT WARNING * * *
You hit the kobold but do no damage.
The kobold is severely wounded.
The kobold hits you but does no damage.
You hit the kobold but do no damage.
The kobold is severely wounded.
You block the kobold's attack. The kobold closely misses you.
You barely miss the kobold.
The kobold is severely wounded.
You block the kobold's attack.
You barely miss the kobold.
The kobold is severely wounded.
The kobold hits you with a +0 whip.
You die...

.......># ... ...#).#
.... #######
#.#..##hK... #.....#
#....h......
##.8.8.###...$....)..
#.......##...h.......
###......8##.#........#
#<#..###..##K#..#####.#
#.#..#h#...#@#..# #
#.#..#h#..8#.#...
#.#..#l#.....#..##
#.#..#S#..8#.#..#
#.#..#D#...#.#..#
#.#..###..##.#
#........8##.#
#.........##.#
##...8.8.###..


You could see a kobold.

Vanquished Creatures
  A hobgoblin (D:1)
  3 jackals (D:1)
4 creatures vanquished.

Notes
Turn   | Place    | Note
-------+----------+-------------------------------------------
     0 | D:1      | LustLizard the Demonspawn Fighter began the quest for the
                  | Orb.
     0 | D:1      | Reached XP level 1. HP: 18/18 MP: 1/1
    11 | D:1      | Noticed an anaconda
    11 | D:1      | Noticed a four-headed hydra
    13 | D:1      | Noticed a black bear
    77 | D:1      | Slain by a kobold

Illustrated notes

Levels and vault maps discovered:
D:1:      onia_arrival_zoo_common, layout_basic

Skill      XL: |  1 |
---------------+----+-----
Long Blades    | 2 |  2.0
Fighting       | |  3.0
Armour         | |  2.7
Shields        | |  2.7

Action                   || total
-------------------------++-------
Melee: Long sword        ||    28
Armor: Scale mail        ||    12
Dodge: Dodged            ||    10
Block: Buckler           ||    11
